 Dungeon Crawl Stone Soup version 0.21.1-1-g345015f (webtiles) character file.

312 sking99 the Digger (level 6, 0/32 HPs)
             Began as a Gargoyle Earth Elementalist on June 23, 2018.
             Slain by an elf zombie (2 damage)
             ... in an ossuary.
             The game lasted 00:15:48 (4745 turns).

sking99 the Digger (Gargoyle Earth Elementalist)    Turns: 4745, Time: 00:15:49

Health: 0/32       AC:  6    Str: 11    XL:     6   Next: 42%
Magic:  1/11       EV: 12    Int: 18    God:
Gold:   126        SH:  0    Dex: 10    Spells: 4/12 levels left

rFire    . . .     SeeInvis .   t - +0 flail
rCold    . . .     Gourm    .   (no shield)
rNeg     + . .     Faith    .   c - +0 robe
rPois    ∞         Spirit   .   (no helmet)
rElec    +         Reflect  .   (no cloak)
rCorr    .         Harm     .   (no gloves)
MR       .....                  (no boots)
Stlth    ++........             (no amulet)
HPRegen  0.10/turn              (no ring)
MPRegen  0.12/turn              (no ring)

@: no status effects
A: negative energy resistance 1, electricity resistance, unbreathing,
petrification resistance, rot immunity, AC +4
a: no special abilities


You were in an ossuary.
You were hungry.

You visited 1 branch of the dungeon, and saw 4 of its levels.
You also visited: Ossuary.

You collected 126 gold pieces.

Inventory:

Hand Weapons
 j - a +0 dagger
 t - a +0 flail (weapon)
Missiles
 b - 18 stones (quivered)
Armour
 c - a +0 robe (worn)
Scrolls
 g - a scroll of random uselessness {unknown}
 h - 4 scrolls of identify
 k - 3 scrolls of remove curse
 l - 2 scrolls of magic mapping
Potions
 f - a potion of berserk rage {unknown}
 i - a potion of curing {unknown}
 m - a potion of agility
 p - a potion of invisibility {unknown}
 s - a potion of magic {unknown}
Books
 e - a book of Geomancy

   Spells                             Type                      Level
   a - Sandblast                      Earth                        1
   b - Passwall                       Transmutation/Earth          2
   c - Stone Arrow                    Conjuration/Earth            3
   d - Petrify                        Transmutation/Earth          4
   e - Lee's Rapid Deconstruction     Earth                        5
 n - a book of Minor Magic

   Spells                             Type                      Level
   a - Magic Dart                     Conjuration                  1
   b - Blink                          Translocation                2
   c - Call Imp                       Summoning                    2
   d - Slow                           Hexes                        2
   e - Conjure Flame                  Conjuration/Fire             3
   f - Mephitic Cloud                 Conjuration/Poison/Air       3
Comestibles
 a - a chunk of flesh
 d - 3 rations


   Skills:
 - Level 1.5 Dodging
 - Level 2.1 Stealth
 + Level 3.5 Spellcasting
 + Level 2.8 Conjurations
 + Level 1.9 Translocations
 - Level 0.7 Transmutations
 + Level 5.8 Earth Magic


You had 4 spell levels left.
You knew the following spells:

 Your Spells              Type           Power        Failure   Level  Hunger
a - Sandblast             Erth           ###...       1%          1    None
b - Passwall              Tmut/Erth      ###.......   6%          2    ##.....
c - Stone Arrow           Conj/Erth      ###...       8%          3    ###....
d - Blink                 Tloc           N/A          11%         2    ##.....


Dungeon Overview and Level Annotations

Branches:
Dungeon (4/15)
 Temple: D:4-7

Altars:
Dithmenos

Shops:
D:4 ?


Innate Abilities, Weirdness & Mutations

You are resistant to torment.
Your stone body is resilient. (AC +4)
You are immune to poison.
You resist negative energy. (rN+)
You are resistant to electric shocks. (rElec)
You can survive without breathing.
You are immune to petrification.
You are immune to rotting.


Message History

b - 19 stones The human zombie hits you.
* * * LOW HITPOINT WARNING * * *
The elf zombie barely misses you.
The human zombie hits you but does no damage.
The elf zombie hits you.
* * * LOW HITPOINT WARNING * * *
There is an open door here.
Casting: Sandblast
Confirm with . or Enter, or press ? or * to list all spells.
Aiming: Sandblast
Press: ? - help, Shift-Dir - straight line, f/p - elf zombie
Aim: an elf zombie (severely damaged)
The blast of sand hits the elf zombie.
The elf zombie is almost destroyed.
b - 18 stones You barely miss the elf zombie.
The elf zombie is almost destroyed.
The elf zombie hits you.
You die...

#+# ###.### ##
##.....## ..##
#.......# ....#
##...∩...###Z....#
+...∩∩∩.ZZ@.......
##...∩...###.....#
#.......# ....#
##.....## .Z##
###.### ## #+#


You could see 2 elf zombies and 2 human zombies.

Vanquished Creatures
  An orc priest (D:3)
  A human zombie (D:4)
  A hound (D:4)
  2 orc wizards (D:3)
  A human skeleton (D:4)
  A mummy (Ossuary)
  2 adders (D:2)
  2 worms
  A dart slug (D:1)
  2 leopard geckos
  14 orcs
  A ball python (D:4)
  9 bats
  4 giant cockroaches
  8 goblins
  9 hobgoblins
  3 jackals (D:3)
  5 quokkas
  4 frilled lizards
  8 kobolds
  6 rats
85 creatures vanquished.

Notes
Turn   | Place    | Note
-------+----------+-------------------------------------------
     0 | D:1      | sking99 the Gargoyle Earth Elementalist began the quest for the Orb.
     0 | D:1      | Reached XP level 1. HP: 10/10 MP: 3/3
    65 | D:1      | Reached skill level 4 in Earth Magic
   314 | D:1      | Reached XP level 2. HP: 15/15 MP: 1/5
   383 | D:1      | Learned a level 2 spell: Passwall
   878 | D:1      | Reached XP level 3. HP: 19/19 MP: 4/6
  1172 | D:1      | Learned a level 3 spell: Stone Arrow
  1420 | D:2      | Reached skill level 1 in Conjurations
  1545 | D:2      | Reached XP level 4. HP: 24/24 MP: 6/8
  1627 | D:2      | Reached skill level 5 in Earth Magic
  2186 | D:3      | Learned a level 2 spell: Blink
  2906 | D:3      | Reached XP level 5. HP: 16/28 MP: 5/9
  3252 | D:3      | Reached skill level 1 in Translocations
  3792 | D:3      | Found a shadowy altar of Dithmenos.
  4518 | D:4      | Found Juticac's Magic Scroll Emporium.
  4542 | D:4      | Reached XP level 6. HP: 26/32 MP: 6/11
  4647 | D:4      | Found a sand-covered staircase.
  4700 | Ossuary  | Entered an ossuary
  4745 | Ossuary  | Slain by an elf zombie

Skill      XL: |  1  2  3  4  5 |
---------------+----------------+-----
Earth Magic    | 4 5 |  5.8
Conjurations   | 1 2 |  2.8
Spellcasting   | 3 |  3.5
Translocations | 1 |  1.9
Dodging        | |  1.5
Stealth        | |  2.1
Transmutations | |  0.7

Action                   |  1- 3 |  4- 6 || total
-------------------------+-------+-------++-------
Melee: Unarmed           |    18 |       ||    18
       Dagger            |    11 |    29 ||    40
       Flail             |       |    20 ||    20
Throw: Stone             |     1 |       ||     1
 Cast: Sandblast         |    47 |    62 ||   109
       Stone Arrow       |       |    32 ||    32
       Passwall          |       |     2 ||     2
  Use: Scroll            |       |     7 ||     7
  Eat: Chunk             |     2 |    10 ||    12
       Ration            |       |     1 ||     1
Armor: Robe              |    20 |    27 ||    47
Dodge: Dodged            |    35 |    61 ||    96
